 Dungeon Crawl Stone Soup version 0.27-a0-1139-g28e009f8a6 (webtiles) character file.

Game seed: 17785027676305784894

613 Anon1729 the Skirmisher (level 7, -3/56 HPs)
             Began as a Demonspawn Berserker on May 7, 2021.
             Was a Believer of Trog.
             Slain by an orc
             ... wielding a +0 war axe
              (5 damage)
             ... on level 4 of the Dungeon.
             The game lasted 00:04:03 (4698 turns).

Anon1729 the Skirmisher (Demonspawn Berserker)      Turns: 4698, Time: 00:04:03

Health: -3/56      AC:  5    Str: 20    XL:     7   Next: 20%
Magic:  7/7        EV: 13    Int:  8    God:    Trog [**....]
Gold:   71         SH:  0    Dex: 12    Spells: 6/6 levels left

rFire    . . .     SeeInvis .   a - +0 hand axe
rCold    . . .     Faith    .   (no shield)
rNeg     . . .     Spirit   .   b - +0 animal skin
rPois    .         Reflect  .   (no helmet)
rElec    .         Harm     .   i - +0 cloak
rCorr    .         Rampage  .   c - +0 pair of gloves
Will     .....                  (no boots)
Stlth    +.........             (no amulet)
HPRegen  0.18/turn              (no ring)
MPRegen  0.10/turn              (no ring)

@: on berserk cooldown, flying, slowed, very slow
A: talons 1, rugged brown scales 1
a: Renounce Religion, Berserk, Trog's Hand


You were on level 4 of the Dungeon.
You worshipped Trog.
Trog was pleased with you.
You visited 1 branch of the dungeon, and saw 5 of its levels.

You collected 126 gold pieces.
You spent 55 gold pieces at shops.

Inventory:

Hand Weapons
 a - a +0 hand axe (weapon)
Armour
 b - a +0 animal skin (worn)
 c - a +0 pair of gloves (worn)
 i - a +0 cloak (worn)
Scrolls
 d - a scroll of magic mapping {unknown}
 g - 2 scrolls of teleportation
 h - a scroll of enchant armour {unknown}
 j - a scroll of vulnerability {unknown}
 k - a scroll of summoning {unknown}
 l - a scroll of acquirement {unknown}


   Skills:
 + Level 4.8 Fighting
 + Level 4.4 Axes
 + Level 3.8 Armour
 + Level 3.9 Dodging


You had 6 spell levels left.
You didn't know any spells.
Your spell library was empty.

Dungeon Overview and Level Annotations

Branches:
Dungeon (5/15)
 Temple: D:4-7

Altars:

Shops:
D:3 ?

Portals:
Sewer: D:4


Innate Abilities, Weirdness & Mutations

You have sharp toenails.
You are partially covered in rugged brown scales. (AC +1, +3% HP)


Message History

An orc comes into view. It is wielding a +0 club.
An orc comes into view. It is wielding a +0 flail.
You feel your anger nearly subside.
You are no longer berserk.
You are exhausted.
You feel yourself slow down.
Unknown command.
You aren't carrying any items that you can evoke.
It was a potion of curing.
You feel better.
An orc comes into view. It is wielding a +0 war axe.
You see here 15 gold pieces.
You now have 71 gold pieces (gained 15).
The orc shouts!
You hear a bark!
An orc priest comes into view. It is wielding a +0 hand axe.
You hear the slow rusting of a drain.
The orc priest shouts!
An adder skeleton comes into view.
The orc hits you with a +0 club.
The orc priest moves out of view.
You slash the orc!
You kill the orc!
Trog accepts your kill.
You hear a splash.
A hound comes into view.
You see here a worm corpse.
You barely miss the orc.
The hound barks!
You claw the orc.
The orc is lightly wounded.
The orc misses you. The adder skeleton closely misses you.
The orc priest mumbles some strange prayers to Beogh against you.
Beogh smites you!
* * * LOW HITPOINT WARNING * * *
It was a potion of flight.
You feel very buoyant.
You fly up into the air.
The adder skeleton closely misses you.
The orc splashes around in the water.
The orc hits you with a +0 flail.
* * * LOW HITPOINT WARNING * * *
The adder skeleton misses you. The orc hits you with a +0 flail.
* * * LOW HITPOINT WARNING * * *
The orc hits you with a +0 war axe.
You die...

#...##≈≈.≈≈##..
#...≈≈.....≈≈..
##..≈≈...≈.≈≈..
....≈≈..∩......
....≈≈.....≈≈..
....≈≈o≈...≈≈.... #
#≈≈≈≈≈# ...#
#.##oZ≈≈≈##....
#...o@.........
.##....).......#..#..
...........#....#..#..
##...#.......##. #.#8
..##.#.......# #..###+#
#. #....##.#..###
#....... #
......###....###.......
....#.. ##.....#....)..
..###. ##.(......†...


You could see an orc priest, 2 orcs and an adder skeleton.

Vanquished Creatures
  Sigmund (D:2)
  2 ogres
  A centaur skeleton (D:5)
  Crazy Yiuf (D:2)
  Jessica (D:3)
  2 orc wizards
  A hound skeleton (D:5)
  Robin (D:2)
  3 adders
  An adder zombie (D:5)
  2 worms
  4 dart slugs
  3 orcs
  6 ball pythons
  2 endoplasms
  4 giant cockroaches
  10 goblins
  13 hobgoblins
  7 kobolds
  7 bats
  2 frilled lizards
  2 rats
76 creatures vanquished.

Vanquished Creatures (others)
  A fungus (D:2)
  3 plants (D:2)
4 creatures vanquished.

Grand Total: 80 creatures vanquished

Notes
Turn   | Place    | Note
-------+----------+-------------------------------------------
     0 | D:1      | Anon1729 the Demonspawn Berserker began the quest for the
                  | Orb.
     0 | D:1      | Reached XP level 1. HP: 18/18 MP: 1/1
   748 | D:1      | Gained mutation: You are partially covered in rugged brown
                  | scales. (AC +1, +3% HP) [demonic ancestry]
   748 | D:1      | Reached XP level 2. HP: 12/24 MP: 2/2
  1919 | D:2      | Noticed Sigmund
  1923 | D:2      | Reached XP level 3. HP: 28/29 MP: 3/3
  1929 | D:2      | Killed Sigmund
  1930 | D:2      | Reached XP level 4. HP: 14/38 MP: 4/4
  1930 | D:2      | Reached XP level 5. HP: 16/43 MP: 5/5
  2207 | D:2      | Found a faded altar of an unknown god.
  2283 | D:2      | Noticed Robin
  2286 | D:2      | Reached ** piety under Trog
  2302 | D:2      | Killed Robin
  2848 | D:2      | Found a runed translucent door.
  2849 | D:2      | Noticed Crazy Yiuf
  3169 | D:2      | Killed Crazy Yiuf
  3170 | D:2      | Reached XP level 6. HP: 49/49 MP: 6/6
  3301 | D:3      | Found Ydodedut's Magic Scroll Shop.
  3309 | D:3      | Bought a scroll of teleportation for 33 gold pieces
  3309 | D:3      | Bought a scroll of identify for 22 gold pieces
  4043 | D:3      | Noticed Jessica
  4047 | D:3      | Killed Jessica
  4319 | D:3      | You fall into a shaft and drop 2 floors!
  4319 | D:5      | Entered Level 5 of the Dungeon
  4652 | D:4      | Gained mutation: You have sharp toenails. [demonic
                  | ancestry]
  4652 | D:4      | Reached XP level 7. HP: 43/56 MP: 7/7
  4669 | D:4      | Found a glowing drain.
  4698 | D:4      | HP: 2/56 [orc/+0 flail (6)]
  4698 | D:4      | Slain by an orc

Illustrated notes

Levels and vault maps discovered:
D:1:      giann_wishing_wells, layout_loops_corners
D:2:      layout_loops_ring, shapermc_ecumenical_altar_mp_ritualfount,
          uniq_sigmund, uniq_robin, uniq_crazy_yiuf_cottage
D:3:      minmay_wonky_spiral, layout_loops_corners,
          gammafunk_temple_overflow_wave, serial_shops, shop, kennysheep_donut,
          minmay_splitting_lines, uniq_jessica
D:4:      layout_cave_pools, lemuel_tele_altar, cheibrodos_sewer_entry_sluice,
          st_stairs_4, minivault_1, chequers_decorated_corner, uniq_edmund,
          uniq_grinder
D:5:      kennysheep_kobold_camp, layout_cave_pools

Skill      XL: |  1  2  3  4  5  6 |
---------------+-------------------+-----
Armour         | 2 3 |  3.8
Dodging        | 2 3 |  3.9
Axes           | 3 4 |  4.4
Fighting       | 4 |  4.8

Action                   |  1- 3 |  4- 6 |  7- 9 || total
-------------------------+-------+-------+-------++-------
Melee: Hand axe          |    72 |   157 |    16 ||   245
       Kick              |       |       |     4 ||     4
Invok: Berserk           |     2 |     3 |     1 ||     6
  Use: Scroll            |       |     1 |       ||     1
       Potion            |       |       |     2 ||     2
 Stab: Sleeping          |       |     2 |       ||     2
Armor: Animal skin       |    19 |    56 |       ||    75
Dodge: Dodged            |    48 |   107 |     9 ||   164

Table legend: (Time is in decaauts)
 A = Elapsed time spent in this place.
 B = Non-inter-level travel time spent in this place.
 C = Inter-level travel time spent in this place.
 D = Time resting spent in this place.
 E = Time spent auto-exploring this place.
 F = Levels seen in this place.
 G = Mean time per level.
                   A        B        C        D        E       F      G
               +--------+--------+--------+--------+--------+-----+--------+
         Total |   4775 |   4663 |    112 |    663 |   3487 |   5 |  955.0 |
       Dungeon |   4775 |   4663 |    112 |    663 |   3487 |   5 |  955.0 |
               +--------+--------+--------+--------+--------+-----+--------+

Top non-repeatable levels by time:
     D:1: 1706 daAuts
     D:2: 1566 daAuts
     D:3: 1106 daAuts
     D:5: 339 daAuts
     D:4: 55 daAuts
